 Dungeon Crawl Stone Soup version 0.25-a0-87-ga3d287bc14 (webtiles) character file.

Game seed: 7680052448857051329, levelgen mode: deterministic

44584 Barrydekale the Geomancer (level 14, -4/77 HPs)
             Began as a Gargoyle Conjurer on Nov 10, 2019.
             Was a High Priest of Vehumet.
             Slain by Unusur's ghost (10 damage)
             ... on level 1 of the Orcish Mines.
             The game lasted 02:14:58 (31098 turns).

Barrydekale the Geomancer (Gargoyle Conjurer)      Turns: 31098, Time: 02:14:59

Health: -4/77      AC: 21    Str: 12    XL:     14   Next: 29%
Magic:  34/42      EV: 14    Int: 19    God:    Vehumet [*****.]
Gold:   1215       SH:  8    Dex: 13    Spells: 8/32 levels left

rFire    + . .     SeeInvis .   U - staff of power
rCold    + . .     Gourm    .   w - +3 warlock's mirror {reflect}
rNeg     + . .     Faith    +   R - +2 robe {rC+}
rPois    ∞         Spirit   .   (helmet restricted)
rElec    +         Reflect  +   b - +1 cloak {MR+}
rCorr    .         Harm     .   v - +2 pair of gloves {Dex+3}
MR       +++..                  f - +0 pair of boots
Stlth    ++........             z - amulet of faith
HPRegen  0.22/turn              a - ring of protection from fire
MPRegen  0.28/turn              Y - ring of protection from magic

@: berserk cooldown, very slightly contaminated, slowed, very slow
A: antennae 1, big wings, claws 2, dopey 1, frail 1, negative energy resistance
1, electricity resistance, unbreathing, petrification resistance, rot immunity,
AC +10
a: Fly, Renounce Religion


You were on level 1 of the Orcish Mines.
You worshipped Vehumet.
Vehumet was extremely pleased with you.
You were not hungry.

You visited 4 branches of the dungeon, and saw 20 of its levels.
You also visited: Sewer.

You collected 1215 gold pieces.

Inventory:

Hand Weapons
 e - a +1 mace of protection
Armour
 b - a +1 cloak of magic resistance (worn)
 f - a +0 pair of boots (worn)
 v - a +2 pair of gloves of dexterity (worn)
 w - the +3 warlock's mirror (worn) {reflect}
   (You found it on level 4 of the Dungeon)
 R - a +2 robe of cold resistance (worn)
Magical Staves
 U - an uncursed staff of power (weapon)
Jewellery
 a - a ring of protection from fire (left hand)
 g - an uncursed ring of ice
 i - an uncursed ring of resist corrosion
 n - an uncursed ring of positive energy
 z - an amulet of faith (around neck)
 Y - a ring of protection from magic (right hand)
Wands
 r - a wand of digging (9)
 x - a wand of acid (5)
 D - a wand of disintegration (7)
 F - a wand of random effects (15)
 K - a wand of scattershot (6)
 P - a wand of flame (25)
 Q - a wand of paralysis (15)
 Z - a wand of clouds (3)
Scrolls
 k - 2 scrolls of fog
 o - 6 scrolls of teleportation
 p - a scroll of blinking
 y - 2 scrolls of remove curse
 A - a scroll of immolation
 B - 4 scrolls of amnesia
 C - 2 scrolls of fear {unknown}
 J - 2 scrolls of enchant armour {unknown}
 L - 2 scrolls of enchant weapon
 M - a scroll of torment {unknown}
 N - a scroll of magic mapping {unknown}
 O - 2 scrolls of silence {unknown}
 W - 4 scrolls of identify
 X - a scroll of vulnerability {unknown}
Potions
 d - 5 potions of agility
 h - 9 potions of curing
 j - a potion of berserk rage
 l - 3 potions of haste
 m - 2 potions of might
 q - 4 potions of flight
 s - 5 potions of heal wounds
 u - 2 potions of lignification {unknown}
 E - 3 potions of cancellation
 G - a potion of ambrosia {unknown}
 H - a potion of magic
 S - a potion of degeneration {unknown}
 T - 2 potions of mutation
Miscellaneous
 I - a phantom mirror
 V - a phial of floods
Comestibles
 c - 36 rations
 t - 3 chunks of flesh


   Skills:
 + Level 9.4 Fighting
 - Level 5.0 Maces & Flails
 - Level 7.0 Armour
 - Level 4.5 Dodging
 - Level 4.0 Stealth
 - Level 4.0 Shields
 + Level 9.8 Spellcasting
 + Level 12.6 Conjurations
 - Level 3.0 Charms
 + Level 4.2 Fire Magic
 - Level 3.4 Air Magic
 - Level 13.0 Earth Magic
 - Level 3.1 Evocations


You had 8 spell levels left.
You knew the following spells:

 Your Spells              Type           Power        Failure   Level  Hunger
a - Magic Dart            Conj           ####         1%          1    None
b - Searing Ray           Conj           ######       1%          2    None
c - Iskenderun's Mystic   Conj           ######..     1%          4    ###....
d - Flame Tongue          Conj/Fire      #####        1%          1    None
e - Swiftness             Chrm/Air       ###.....     3%          2    None
f - Stone Arrow           Conj/Erth      ######       1%          3    None
g - Bolt of Fire          Conj/Fire      #####.....   11%         6    ######.
h - Fireball              Conj/Fire      #####.....   1%          5    #####..

Your spell library contained the following spells:

 Spells                   Type           Power        Failure   Level  Hunger
 Shock                    Conj/Air       ####         1%          1    None
 Dazzling Spray           Conj/Hex       ####..       1%          3    None
 Static Discharge         Conj/Air       #####...     1%          3    None
 Force Lance              Conj/Tloc      ####....     1%          4    ###....
 Fulminant Prism          Conj/Hex       ####......   1%          4    ###....
 Lightning Bolt           Conj/Air       #####.....   2%          5    #####..
 Airstrike                Air            ###.......   5%          4    ###....
 Summon Small Mammal      Summ           #...         8%          1    None
 Call Imp                 Summ           #.......     12%         2    None
 Call Canine Familiar     Summ           #.......     22%         3    None
 Summon Guardian Golem    Hex/Summ       #.......     22%         3    None
 Summon Lightning Spire   Summ/Air       ###.....     36%         4    ###....
 Summon Ice Beast         Ice/Summ       #.......     58%         4    ###....


Dungeon Overview and Level Annotations

Branches:
Dungeon (12/15)            Temple (1/1) D:5            Lair (6/6) D:9
  Swamp (0/4) Lair:4       Spider (0/4) Lair:2        Slime (0/5) Lair:6
    Orc (1/2) D:9           Sewer (visited)

Altars:
Ashenzari
Cheibriados
Dithmenos
Elyvilon
Fedhas
Gozag
Hepliaklqana
Kikubaaqudgha
Makhleb
Nemelex Xobeh
Okawaru
Qazlal
Ru
Sif Muna
Trog
Uskayaw
Vehumet
Wu Jian
Xom
Yredelemnul
Zin
The Shining One
Jiyva

Shops:
D:4 (   D:7 *

Annotations:
Lair:3 2 transporters
Orc:1 Unusur's ghost, journeyman GnNe


Innate Abilities, Weirdness & Mutations

You are resistant to torment.
Your stone body is resilient. (AC +10)
You are immune to poison.
Your large and strong wings let you fly indefinitely.
You resist negative energy. (rN+)
You are resistant to electric shocks. (rElec)
You can survive without breathing.
You are immune to petrification.
You are immune to rotting.
You have a pair of small antennae on your head.
You have very sharp fingernails.
You are dopey. (Int -2)
You are frail. (-10% HP)


Message History

You are exhausted.
You feel yourself slow down. Unusur's ghost closely misses you.
You block Unusur's ghost's attack.
Unusur's ghost hits you but does no damage.
Space bends around you.
You flicker back into view.
Unusur's ghost closely misses you. You block Unusur's ghost's attack.
Unusur's ghost waves its arms in wide circles.
The air twists around and strikes you!!
* * * LOW HITPOINT WARNING * * *
Unusur's ghost casts a spell.
Unusur's ghost puts on a burst of speed!
You block Unusur's ghost's attack.
You see here a +0 giant spiked club.
Unusur's ghost misses you.
There is a staircase back to the Dungeon here.
Unusur's ghost hits you but does no damage.
Space warps horribly around you!
You die...

...........###.^...##
.......#....#......#
.....###..........##
..### #.[.......## .
##)[....###
###........##
#.....[.....#
#......#)[..##
#.......#@W...##
##.....####....##
#.....## ###....##
.##.... #.......#
#.....###......##
#.#....#...##.##
#........# ##
#........#
####.....##


You could see Unusur's ghost.

Vanquished Creatures
  Snorg (Lair:5)
  Fannar (D:11)
  5 hydras
  2 death yaks (Lair:3)
  A catoblepas (Lair:3)
  3 two-headed ogres
  A dancing weapon (Orc:1)
  An obsidian statue (D:11)
  An ugly thing (D:11)
  A black mamba (Lair:1)
  Maurice (D:8)
  18 spiny frogs
  A centaur skeleton (D:10)
  8 komodo dragons
  3 hornets
  2 trolls (D:11)
  Prince Ribbit (D:5)
  A polar bear (Lair:3)
  4 tyrant leeches (Lair:6)
  28 blink frogs
  7 hippogriffs
  Sigmund (D:4)
  A spriggan (D:7)
  3 wyverns
  33 yaks
  2 basilisks
  Grum (D:9)
  6 vampire mosquitoes
  An acid dragon (D:11)
  6 porcupines
  Menkaure (D:6)
  6 water moccasins
  A sky beast (D:5)
  9 orc warriors
  2 black bears (Lair:4)
  A necrophage (D:8)
  An eye of draining (D:11)
  8 ogres
  3 phantoms
  2 centaurs
  10 wolves
  18 crocodiles
  A gnoll sergeant (D:10)
  24 bullfrogs
  2 big kobolds
  2 wyvern skeletons
  4 scorpions
  A water moccasin skeleton (D:4)
  11 killer bees
  3 wights (D:12)
  A vampire bat (Lair:2)
  13 electric eels
  2 howler monkeys
  2 crimson imps
  2 centaur zombies
  2 quasits
  3 jellies
  3 bullfrog zombies
  4 hounds
  6 orc priests
  2 bullfrog skeletons
  A gnoll shaman (D:9)
  2 iguanas
  Natasha (D:4)
  9 orc wizards
  6 hell rats (Lair:5)
  4 worker ants
  A killer bee zombie (D:8)
  2 hound zombies
  11 gnolls
  16 adders
  3 shadow imps
  An adder zombie (D:9)
  2 adder skeletons (D:4)
  2 worms (D:3)
  A dart slug (D:1)
  10 leopard geckos
  43 orcs
  6 giant cockroaches
  4 goblins
  5 hobgoblins
  17 jackals
  21 kobolds
  9 quokkas
  9 ball pythons
  12 bats
  9 frilled lizards
  A jackal skeleton (D:4)
  A jackal zombie (D:5)
  A leopard gecko skeleton (D:4)
  12 rats
  2 plants (Sewer)
519 creatures vanquished.

Vanquished Creatures (others)
  A centaur (D:11)
  21 fungi
  48 plants
70 creatures vanquished.

Grand Total: 589 creatures vanquished

Notes
Turn   | Place    | Note
-------+----------+-------------------------------------------
     0 | D:1      | Barrydekale the Gargoyle Conjurer began the quest for the
                  | Orb.
     0 | D:1      | Reached XP level 1. HP: 10/10 MP: 3/3
   145 | D:1      | Reached XP level 2. HP: 7/15 MP: 0/5
   438 | D:1      | Reached skill level 5 in Conjurations
   442 | D:1      | Learned a level 2 spell: Searing Ray
  1121 | D:2      | Reached XP level 3. HP: 19/19 MP: 0/6
  1793 | D:1      | Reached XP level 4. HP: 4/24 MP: 0/8
  1799 | D:1      | Learned a level 4 spell: Iskenderun's Mystic Blast
  2976 | D:3      | Reached XP level 5. HP: 28/28 MP: 3/10
  3764 | D:3      | Noticed an ogre
  3935 | D:3      | Found a hide-covered altar of Uskayaw.
  3943 | D:3      | Reached skill level 1 in Maces & Flails
  4047 | D:3      | Reached skill level 1 in Armour
  4111 | D:3      | Reached skill level 1 in Fighting
  4223 | D:4      | Reached XP level 6. HP: 34/34 MP: 2/11
  4286 | D:4      | Found a glowing drain.
  4323 | Sewer    | Entered a sewer
  5002 | D:4      | Noticed Sigmund
  5013 | D:4      | Killed Sigmund
  5013 | D:4      | Reached XP level 7. HP: 31/40 MP: 2/12
  5557 | D:4      | Found Joiqes's Weapon Shop.
  5659 | D:4      | Found a sacrificial altar of Ru.
  5680 | D:4      | Found a hazy altar of Hepliaklqana.
  5830 | D:4      | Noticed Natasha
  5834 | D:4      | Killed Natasha
  6002 | D:4      | Found the +3 warlock's mirror {reflect}
  6271 | D:4      | Found a shadowy altar of Dithmenos.
  6609 | D:5      | Entered Level 5 of the Dungeon
  6616 | D:5      | Reached skill level 1 in Shields
  6616 | D:5      | Reached XP level 8. HP: 44/46 MP: 6/14
  6722 | D:5      | Noticed Prince Ribbit
  6752 | D:5      | Killed Prince Ribbit
  7061 | D:5      | Found a staircase to the Ecumenical Temple.
  7068 | Temple   | Entered the Ecumenical Temple
  7657 | D:6      | Noticed Menkaure
  7665 | D:6      | Killed Menkaure
  8571 | D:7      | Reached skill level 5 in Spellcasting
  8571 | D:7      | Reached XP level 9. HP: 52/52 MP: 10/16
  8602 | D:7      | Found a transporter.
  8677 | D:7      | Found a basalt altar of Yredelemnul.
  8677 | D:7      | Found a shimmering blue altar of Sif Muna.
  8677 | D:7      | Found a radiant altar of Vehumet.
  8677 | D:7      | Noticed a deep elf mage
  8677 | D:7      | Noticed a komodo dragon
  8689 | D:7      | Noticed a troll
  8689 | D:7      | a komodo dragon changed into a troll
  8692 | D:7      | Found a transporter.
  8695 | D:7      | a troll changed into a hippogriff
  9158 | D:7      | Found a stormy altar of Qazlal.
  9292 | D:7      | Noticed a lindwurm
  9306 | D:7      | a lindwurm changed into a tarantella
  9359 | D:7      | Noticed a cyclops
  9362 | D:7      | Noticed a wind drake
  9362 | D:7      | a cyclops changed into a wind drake
  9392 | D:7      | Noticed a death drake
  9411 | D:7      | Noticed a sea snake
  9411 | D:7      | a death drake changed into a sea snake
  9431 | D:7      | a sea snake changed into a redback
  9441 | D:7      | Noticed a two-headed ogre
  9441 | D:7      | a redback changed into a two-headed ogre
  9443 | D:7      | Gained mutation: Your spells are a little easier to cast,
                  | but a little less powerful. [potion of mutation]
  9443 | D:7      | Gained mutation: You have sharp toenails. [potion of
                  | mutation]
  9444 | D:7      | Lost mutation: Your spells are a little easier to cast, but
                  | a little less powerful. [potion of mutation]
  9444 | D:7      | Lost mutation: You have sharp toenails. [potion of
                  | mutation]
  9444 | D:7      | Gained mutation: Your body sometimes deteriorates upon
                  | taking damage. [potion of mutation]
  9444 | D:7      | Gained mutation: You are frail. (-10% HP) [potion of
                  | mutation]
  9444 | D:7      | Gained mutation: You are partially covered in thin metallic
                  | scales. (AC +2) [potion of mutation]
  9448 | D:7      | Became a worshipper of Vehumet
  9471 | D:7      | Noticed a sea snake
  9471 | D:7      | a two-headed ogre changed into a sea snake
  9483 | D:7      | Noticed an anaconda
  9483 | D:7      | a sea snake changed into an anaconda
  9539 | D:7      | Found Zeklopli's General Store.
  9728 | D:8      | Reached skill level 5 in Fighting
  9728 | D:8      | Reached skill level 5 in Armour
  9988 | D:8      | Found a glowing golden altar of the Shining One.
 10214 | D:8      | Reached skill level 5 in Maces & Flails
 10245 | D:8      | Noticed Maurice
 10279 | D:8      | Noticed a two-headed ogre
 11123 | D:8      | Reached * piety under Vehumet
 11123 | D:8      | Offered knowledge of Flame Tongue by Vehumet.
 11123 | D:8      | Reached XP level 10. HP: 50/54 MP: 5/18
 11126 | D:8      | Learned a level 1 spell: Flame Tongue
 11455 | D:8      | Killed a two-headed ogre
 11455 | D:8      | Reached skill level 1 in Fire Magic
 11578 | D:8      | Killed Maurice
 12334 | D:9      | Found a staircase to the Orcish Mines.
 12448 | D:9      | Found a staircase to the Lair.
 12452 | D:9      | Lost mutation: You are partially covered in thin metallic
                  | scales. (AC +2) [potion of mutation]
 12452 | D:9      | Lost mutation: Your body sometimes deteriorates upon taking
                  | damage. [potion of mutation]
 12452 | D:9      | Gained mutation: You have a pair of small antennae on your
                  | head. [potion of mutation]
 12452 | D:9      | Gained mutation: You are dopey. (Int -2) [potion of
                  | mutation]
 12452 | D:9      | Gained mutation: You have sharp fingernails. [potion of
                  | mutation]
 12452 | D:9      | Gained mutation: You have very sharp fingernails. [potion
                  | of mutation]
 12561 | D:9      | Reached ** piety under Vehumet
 12561 | D:9      | Offered knowledge of Freeze by Vehumet.
 13081 | D:9      | Noticed Grum
 13162 | D:9      | Killed Grum
 13279 | D:9      | Noticed a two-headed ogre
 13342 | Lair:1   | Entered Level 1 of the Lair of Beasts
 13658 | Lair:1   | Reached XP level 11. HP: 41/59 MP: 3/21
 13902 | Lair:1   | Learned a level 2 spell: Swiftness
 14657 | Lair:1   | Reached skill level 1 in Charms
 14657 | Lair:1   | Reached skill level 1 in Air Magic
 15491 | Lair:1   | HP: 1/60 [wolf (7)]
 15892 | Lair:2   | Offered knowledge of Throw Frost by Vehumet.
 16959 | Lair:2   | Reached *** piety under Vehumet
 17052 | Lair:2   | Found a hole to the Spider Nest.
 17198 | Lair:2   | Reached skill level 1 in Evocations
 17839 | Lair:3   | Noticed a catoblepas
 18010 | Lair:3   | Found a transporter.
 18268 | Lair:2   | Offered knowledge of Stone Arrow by Vehumet.
 18527 | Lair:2   | Learned a level 3 spell: Stone Arrow
 18690 | Lair:1   | Reached skill level 10 in Conjurations
 18697 | Lair:1   | Reached skill level 1 in Earth Magic
 19032 | Lair:3   | Reached skill level 2 in Earth Magic
 19069 | Lair:3   | Found a transporter.
 19111 | Lair:3   | Noticed a swamp dragon
 19111 | Lair:3   | Noticed a swamp dragon
 19351 | Lair:3   | Noticed a swamp dragon
 19352 | Lair:3   | Noticed a swamp dragon
 19394 | Lair:3   | Reached skill level 3 in Earth Magic
 19675 | Lair:3   | Reached skill level 4 in Earth Magic
 20038 | Lair:4   | Reached skill level 5 in Earth Magic
 20038 | Lair:4   | Reached XP level 12. HP: 64/64 MP: 20/22
 20060 | Lair:4   | Noticed a death yak
 20099 | Lair:4   | Noticed a death yak
 20108 | Lair:4   | Noticed a death yak
 20200 | D:9      | Reached skill level 6 in Earth Magic
 20351 | D:9      | Killed a two-headed ogre
 20351 | D:9      | Reached skill level 7 in Earth Magic
 20480 | D:10     | Entered Level 10 of the Dungeon
 20977 | D:10     | Reached **** piety under Vehumet
 20983 | D:10     | Reached skill level 8 in Earth Magic
 21217 | D:10     | Offered knowledge of Iskenderun's Battlesphere by Vehumet.
 21954 | D:11     | Noticed a two-headed ogre
 21965 | D:11     | Noticed Fannar
 22207 | Lair:3   | Killed a catoblepas
 22207 | Lair:3   | Reached skill level 9 in Earth Magic
 22394 | Lair:3   | Killed a death yak
 22806 | Lair:4   | Noticed a six-headed hydra
 23426 | Lair:4   | Noticed an eight-headed hydra
 23464 | Lair:4   | Killed an eight-headed hydra
 23464 | Lair:4   | Reached skill level 10 in Earth Magic
 23887 | Lair:3   | Killed a death yak
 24034 | Lair:4   | Killed a six-headed hydra
 24154 | Lair:4   | Found a staircase to the Swamp.
 24605 | Lair:5   | Reached skill level 11 in Earth Magic
 24853 | Lair:5   | Reached XP level 13. HP: 68/68 MP: 24/24
 25111 | Lair:5   | Reached ***** piety under Vehumet
 25233 | Lair:5   | Noticed Snorg
 25240 | Lair:5   | Killed Snorg
 25240 | Lair:5   | Offered knowledge of Yara's Violent Unravelling by Vehumet.
 25725 | Lair:6   | Entered Level 6 of the Lair of Beasts
 25748 | Lair:6   | Found a viscous altar of Jiyva.
 25748 | Lair:6   | Found a staircase to the Slime Pits.
 25755 | Lair:6   | Reached skill level 12 in Earth Magic
 27078 | Lair:6   | Reached skill level 13 in Earth Magic
 27167 | Lair:6   | Offered knowledge of Bolt of Fire by Vehumet.
 28126 | Lair:6   | Gained mutation: Your large and strong wings let you fly
                  | indefinitely. [Gargoyle growth]
 28126 | Lair:6   | Reached XP level 14. HP: 75/75 MP: 17/27
 29367 | D:11     | Killed Fannar
 29504 | D:11     | Learned a level 6 spell: Bolt of Fire
 30654 | Orc:1    | Entered Level 1 of the Orcish Mines
 30659 | Orc:1    | Offered knowledge of Fireball by Vehumet.
 30804 | D:9      | Learned a level 5 spell: Fireball
 30977 | Orc:1    | Found a runed translucent door.
 30978 | Orc:1    | Found a shimmering altar of Xom.
 30978 | Orc:1    | Noticed Unusur's ghost (journeyman GnNe)
 31098 | Orc:1    | Slain by Unusur's ghost

Levels and vault maps discovered:
D:1:      mrwooster_arrival_statue_3, layout_basic, minmay_tetromino_s2
D:2:      layout_loops_cross
D:3:      cheibrodos_pilgrimage, layout_loops_ring, old_standard_altar,
          ebering_dispersal_statue_hall
D:4:      layout_layer_cave, nicolae_overflow_hidden_temple,
          hangedman_ru_absence, serial_shops, shop, nicolae_ossuary_entry_plus,
          cheibrodos_sewer_entry_drain, grunt_ministairs_14,
          nicolae_dithmenos_through_a_glass_darkly, uniq_natasha, uniq_sigmund
D:5:      layout_cave_pools, minmay_temple_entry_junction, first_ration,
          uniq_prince_ribbit1
D:6:      layout_basic, uniq_menkaure
D:7:      layout_loops_cross, gammafunk_temple_overflow_arena,
          marbit_many_paths, serial_shops, shop, the_bakery
D:8:      layout_basic, nicolae_overflow_crystal_walls,
          small_chamber_with_monster, uniq_maurice
D:9:      minmay_shrinking_squares, layout_loops_ring, david_lair_shrubbed,
          orc_0_dummy, kennysheep_opposing_triangles, uniq_grum
D:10:     layout_long_grid
D:11:     layout_cave_pods, minivault_16, uniq_fannar
D:12:     layout_big_octagon, david_defended_altar_elf, uniq_nessos
Temple:   minmay_temple_curvy_branch
Lair:1:   layout_loops_ring, nicolae_quartered_pool_little,
          infiniplex_staircase_pool_2, lemuel_fruit_fields
Lair:2:   layout_chaotic_city, spider_nest_entry_web_field, minivault_25,
          roderic_batcave, beast_lair_carwin_2
Lair:3:   gammafunk_cloud_chamber, layout_hall_layers
Lair:4:   layout_regular_city, minmay_swamp_entry_eels, wad_woods_river_01,
          serial_bayou_shore_a
Lair:5:   layout_regular_city, disabler_island, uniq_snorg
Lair:6:   minmay_lair_end_frog_pond, layout_regular_city, slime_altar_1
Orc:1:    layout_diamond_mine, basic_altar, ebering_ghost_xom, serial_shops,
          shop

Skill      XL: |  1  2  3  4  5  6  7  8  9 10 11 12 13 14 |
---------------+-------------------------------------------+-----
Conjurations   | 5 6 7 8 9 10 12 | 12.6
Spellcasting   | 3 4 5 6 7 9 |  9.8
Maces & Flails | 1 2 3 4 5 |  5.0
Armour         | 1 2 3 4 5 6 7 |  7.0
Fighting       | 1 2 3 4 5 6 7 8 9 |  9.4
Shields        | 1 3 4 |  4.0
Dodging        | 3 4 |  4.5
Fire Magic     | 3 4 |  4.2
Charms         | 3 |  3.0
Air Magic      | 3 |  3.4
Evocations     | 3 |  3.1
Stealth        | 4 |  4.0
Earth Magic    | 5 11 13 | 13.0

Action                   |  1- 3 |  4- 6 |  7- 9 | 10-12 | 13-15 || total
-------------------------+-------+-------+-------+-------+-------++-------
Melee: Unarmed           |    16 |       |       |       |       ||    16
       Club              |    80 |       |       |       |       ||    80
       Whip              |       |    20 |       |       |       ||    20
       Mace              |       |    77 |    41 |    53 |       ||   171
       Staff             |       |       |       |    15 |    72 ||    87
 Cast: Magic Dart        |    43 |   172 |   390 |   623 |    41 ||  1269
       Searing Ray       |     2 |       |     3 |    30 |       ||    35
       Iskenderun's Myst |       |       |     5 |    87 |    38 ||   130
       Flame Tongue      |       |       |       |    22 |       ||    22
       Swiftness         |       |       |       |     2 |       ||     2
       Stone Arrow       |       |       |       |   153 |   352 ||   505
Evoke: Wand              |       |       |       |     6 |     2 ||     8
  Use: Scroll            |       |    10 |     2 |     7 |     2 ||    21
       Potion            |       |       |     3 |     5 |       ||     8
 Stab: Sleeping          |     2 |     3 |       |       |     1 ||     6
       Invisible         |       |       |       |       |     3 ||     3
  Eat: Chunk             |     3 |    10 |    19 |    46 |    18 ||    96
       Ration            |       |       |       |     3 |     1 ||     4
Armor: Robe              |    61 |    40 |    80 |   210 |    34 ||   425
       Troll leather arm |       |       |       |       |    62 ||    62
Dodge: Dodged            |    91 |    47 |   103 |   311 |   179 ||   731
Block: Buckler           |       |       |    75 |   194 |   121 ||   390
       Reflection        |       |       |     1 |     7 |     3 ||    11

Table legend:
 A = Non-vault XP
 B = Vault XP
 C = Vault XP percentage of total XP
 D = Non-vault monster count
 E = Vault monster count
 F = Vault count percentage of total count
                 A         B        C        D         E       F
            +---------+---------+-------+---------+---------+-------
      Total |   41379 |   22313 |  35.0 |     392 |     126 |  24.3
            +---------+---------+-------+---------+---------+-------
        D:1 |      35 |       6 |  14.6 |      13 |       2 |  13.3
        D:2 |      76 |       0 |   0.0 |      25 |       0 |   0.0
        D:3 |     125 |      53 |  29.8 |      34 |       5 |  12.8
        D:4 |     570 |     270 |  32.1 |      20 |       5 |  20.0
        D:5 |     415 |     291 |  41.2 |       9 |       1 |  10.0
        D:6 |     257 |     154 |  37.5 |       6 |       1 |  14.3
        D:7 |     669 |     262 |  28.1 |      23 |       3 |  11.5
        D:8 |    2458 |     614 |  20.0 |      29 |       2 |   6.5
        D:9 |    1120 |    1914 |  63.1 |      25 |      10 |  28.6
       D:10 |    2046 |       0 |   0.0 |      30 |       0 |   0.0
       D:11 |    4568 |    1613 |  26.1 |      31 |       2 |   6.1
       D:12 |    1130 |       0 |   0.0 |      13 |       0 |   0.0
     Lair:1 |    4325 |       0 |   0.0 |      23 |       0 |   0.0
     Lair:2 |    1798 |     492 |  21.5 |      13 |      11 |  45.8
     Lair:3 |    5849 |       0 |   0.0 |      18 |       0 |   0.0
     Lair:4 |    4848 |    1885 |  28.0 |      21 |      10 |  32.3
     Lair:5 |    4442 |    1902 |  30.0 |      24 |       8 |  25.0
     Lair:6 |    5683 |   11937 |  67.7 |      18 |      44 |  71.0
      Orc:1 |     965 |     886 |  47.9 |      17 |       1 |   5.6
      Sewer |       0 |      34 | 100.0 |       0 |      21 | 100.0
            +---------+---------+-------+---------+---------+-------
